 Dungeon Crawl Stone Soup version 0.29-a0-384-g6960b1960d (webtiles) character file.

Game seed: 11734501052298466064

14264 ytrimaz the Martial Artist (level 12, -2/96 HPs)
             Began as an Octopode Transmuter on May 6, 2022.
             Was an Initiate of Ashenzari.
             Slain by an ogre
             ... wielding a +0 giant club
             ... led by Lodul
              (31 damage)
             ... on level 10 of the Dungeon.
             The game lasted 00:17:59 (11824 turns).

ytrimaz the Martial Artist (Octopode Transmuter)   Turns: 11824, Time: 00:17:59

Health: -2/96      AC:  7    Str: 11    XL:     12   Next: 14%
Magic:  21/23      EV: 17    Int: 19    God:    Ashenzari [......]
Gold:   604        SH:  0    Dex: 12    Spells: 16/26 levels left

rFire   x . .      SeeInvis .     - Unarmed
rCold   + + +      Faith    .   (shield currently unavailable)
rNeg    + . .      Spirit   .   (helmet currently unavailable)
rPois   +          Reflect  .   w - amulet of regeneration
rElec   .          Harm     .   f - ring "Bagy" {rPois EV+4 Slay+3}
rCorr   .          Rampage  .   c - ring of wizardry
Will    +....                   B - ring of positive energy
Stlth   +.........              J - ring of willpower
HPRegen 1.06/turn               M - ring of wizardry
MPRegen 0.18/turn               (no ring)
                                (no ring)
                                (no ring)

@: ice-form, wereblooded
A: freezing attack, boosted hp, almost no armour, amphibious, 8 rings, large,
(camouflage 1), (gelatinous body 1), (nimble swimmer 1), (tentacles)
a: End Transformation, Renounce Religion, Curse Item


You were on level 10 of the Dungeon.
You worshipped Ashenzari.
Ashenzari was noncommittal.
You were a creature of crystalline ice.
You visited 2 branches of the dungeon, and saw 11 of its levels.
You also visited: Sewer and Bailey.

You collected 604 gold pieces.

Inventory:

Missiles
 n - 3 throwing nets
Jewellery
 c - a ring of wizardry (right front paw)
 f - the ring "Bagy" (left front paw) {rPois EV+4 Slay+3}
   (You acquired it on level 2 of the Dungeon)

   [ring of evasion]

   EV:        It affects your evasion (+4).
   Slay:      It affects your accuracy & damage with ranged weapons and melee
   (+3).
   rPois:     It protects you from poison.
 t - a ring of flight
 w - an amulet of regeneration (around neck)
 B - a ring of positive energy (on tentacle)
 J - a ring of willpower (on tentacle)
 M - a ring of wizardry (on tentacle)
 O - an amulet of guardian spirit
Wands
 q - a wand of polymorph (3) (quivered)
 y - a wand of acid (4)
 E - a wand of mindburst (3)
 F - a wand of charming (4)
 K - a wand of digging (6)
 N - a wand of iceblast (3)
Scrolls
 b - 2 scrolls of poison
 g - 3 scrolls of immolation
 h - 5 scrolls of teleportation
 j - 2 scrolls of silence
 l - 2 scrolls of blinking
 o - 4 scrolls of amnesia
 r - 3 scrolls of fog
 s - a scroll of acquirement
 C - 2 scrolls of enchant armour
 G - a scroll of enchant weapon {unknown}
 I - a scroll of magic mapping
 L - a scroll of noise {unknown}
Potions
 a - 2 potions of lignification
 d - 7 potions of attraction
 e - 3 potions of berserk rage
 i - 3 potions of curing
 k - 2 potions of heal wounds {unknown}
 m - 2 potions of mutation {unknown}
 p - 3 potions of resistance {unknown}
 u - 4 potions of cancellation {unknown}
 v - 2 potions of might {unknown}
 x - a potion of invisibility {unknown}
 z - 4 potions of flight
 A - 2 potions of ambrosia {unknown}
 H - 2 potions of haste {unknown}
Miscellaneous
 D - a condenser vane


   Skills:
 * Level 6.3 Fighting
 * Level 10.3 Dodging
 - Level 11.4 Unarmed Combat
 + Level 7.6 Spellcasting
 + Level 7.1 Transmutations
 - Level 2.0 Ice Magic
 - Level 1.2 Evocations


You had 16 spell levels left.
You knew the following spells:

 Your Spells              Type           Power      Damage    Failure   Level
a - Beastly Appendage     Tmut           68%        N/A       1%          1
b - Wereblood             Tmut           34%        N/A       1%          2
c - Spider Form           Tmut/Pois      20%        N/A       1%          3
d - Ice Form              Ice/Tmut       24%        N/A       4%          4

Your spell library contained the following spells:

 Spells                   Type           Power      Damage    Failure   Level
 Animate Skeleton         Necr           14%        N/A       2%          1
 Pain                     Necr           28%        1d5       2%          1
 Ensorcelled Hibernation  Hex/Ice        22%        N/A       2%          2
 Ignite Poison            Fire/Tmut/Pois 16%        N/A       3%          3
 Mephitic Cloud           Conj/Pois/Air  7%         N/A       8%          3
 Vampiric Draining        Necr           7%         2d6       8%          3
 Summon Ice Beast         Ice/Summ       11%        N/A       16%         4
 Alistair's Intoxication  Tmut/Pois      13%        N/A       16%         5
 Anguish                  Hex/Necr       3%         N/A       24%         4
 Freezing Cloud           Conj/Ice/Air   4%         6-21      45%         5
 Borgnjor's Vile Clutch   Necr/Erth      3%         N/A       54%         5
 Summon Mana Viper        Hex/Summ       7%         N/A       54%         5
 Eringya's Noxious Bog    Tmut/Pois      10%        N/A       58%         6
 Monstrous Menagerie      Summ           3%         N/A       100%        7


Dungeon Overview and Level Annotations

Branches:
Dungeon (10/15)            Temple (1/1) D:6            Lair (0/6) D:10
    Orc (0/2) D:9           Sewer (visited)          Bailey (visited)

Altars:
Ashenzari
Cheibriados
Dithmenos
Elyvilon
Fedhas
Gozag
Hepliaklqana
Kikubaaqudgha
Makhleb
Nemelex Xobeh
Okawaru
Qazlal
Sif Muna
Trog
Uskayaw
Vehumet
Wu Jian
Yredelemnul
Zin
The Shining One

Shops:
D:4 (


Innate Abilities, Weirdness & Mutations

You are a creature of crystalline ice.
You have a powerful freezing melee attack.
Your maximum health is increased.
Your armour is entirely melded.
You are incapable of wielding weapons or throwing items.
You cannot wear most types of armour.
You are amphibious.
You can wear up to eight rings at the same time.
((Your skin changes colour to match your surroundings (Stealth+).))
((Your rubbery body absorbs attacks. (AC +1, EV +1)))
((You are camouflaged when in or above water. (Stealth+)))
((You have tentacles for arms and can constrict up to eight enemies at once.))


Message History

Lodul barely misses you.
An ogre comes into view. It is wielding a +0 giant club.
The ogre hits you with a +0 giant spiked club!
An ogre comes into view. It is wielding a +0 giant spiked club.
You pummel Lodul!! You freeze Lodul.
Lodul is heavily wounded.
You punch Lodul! You freeze Lodul.
Lodul is almost dead.
Lodul misses you.
An ogre comes into view. It is wielding a +0 giant club.
The ogre misses you.
Unknown command.
You pummel Lodul!! You freeze Lodul.
You feel a bit better.
You kill Lodul!
Unknown command.
You pummel the ogre!! You freeze the ogre!
You feel a bit better.
You kill the ogre!
The ogre hits you with a +0 giant spiked club!!
* * * LOW HITPOINT WARNING * * *
Unknown command.
You pummel the ogre!! You freeze the ogre!
You feel a bit better.
You kill the ogre!
Unknown command.
You punch the ogre! You freeze the ogre!
The ogre is almost dead.
Unknown command.
You punch the ogre! You freeze the ogre.
You feel a bit better.
You kill the ogre!
You punch the ogre! You freeze the ogre.
The ogre is moderately wounded.
The ogre barely misses you.
Unknown command.
You punch the ogre! You freeze the ogre.
The ogre is almost dead.
You howl as the wereblood boils in your veins!
An ogre comes into view. It is wielding a +0 giant spiked club.
You pummel the ogre!! You freeze the ogre.
You feel a bit better.
You kill the ogre!
The ogre hits you with a +0 giant club!!
You die...

#####.########.#
............##.#
............##.# .
............##.### ≈.
.........#.......# ...
.........#.......# S≈≈#
.........#.......# .≈S#
....######.....†.##....#
#...# #.......Y)O....#
....# #........O#O...#
#...# #.........# ...#
#...#######.###...# ....
........###. ....# ...
.................## ..
............#....# .
............#....#
...>.#........


You could see 3 ogres and an electric eel.

Vanquished Creatures
  A boulder beetle (D:9)
  Nergalle (D:10)
  Lodul (D:10)
  2 orc knights (Bailey)
  Maggie (D:8)
  An unseen horror (D:8)
  3 trolls
  A hornet (D:10)
  4 slime creatures (D:10)
  A shadow (D:9)
  3 wyverns
  A wraith (D:9)
  Eustachio (D:4)
  A human (D:9)
  20 yaks
  4 steam dragons
  An acid dragon (D:9)
  4 water moccasins
  9 orc warriors
  3 ice beasts
  7 ogres
  4 centaurs
  4 kobold brigands
  A phantom (D:5)
  4 bullfrogs
  2 necrophages
  6 scorpions
  11 killer bees
  A howler monkey (D:6)
  A hound (D:5)
  3 jellies (D:5)
  2 orc priests (D:9)
  A gnoll shaman (D:7)
  Crazy Yiuf (D:4)
  2 iguanas
  9 orc wizards
  A hell rat (Sewer)
  Robin (D:4)
  6 gnolls
  9 adders
  A river rat (Sewer)
  A white imp (D:3)
  An ufetubus (D:5)
  4 worms
  6 dart slugs
  31 orcs
  4 bats
  6 endoplasms
  4 giant cockroaches
  27 goblins
  12 hobgoblins
  3 quokkas
  13 ball pythons
  2 frilled lizards (D:2)
  33 kobolds
  17 rats
304 creatures vanquished.

Vanquished Creatures (others)
  An orc wizard (D:8)
  A plant (D:1)
2 creatures vanquished.

Grand Total: 306 creatures vanquished

Notes
Turn   | Place    | Note
-------+----------+-------------------------------------------
     0 | D:1      | ytrimaz the Octopode Transmuter began the quest for the
                  | Orb.
     0 | D:1      | Reached XP level 1. HP: 13/13 MP: 3/3
   294 | D:1      | Reached XP level 2. HP: 9/18 MP: 3/5
   692 | D:1      | Reached XP level 3. HP: 11/23 MP: 6/6
   932 | D:1      | Learned a level 3 spell: Spider Form
   935 | D:1      | Learned a level 2 spell: Wereblood
   985 | D:1      | Reached skill level 4 in Unarmed Combat
  1922 | D:2      | Reached XP level 4. HP: 27/28 MP: 7/7
  2477 | D:2      | Identified a scroll of acquirement
  2479 | D:2      | Acquired the ring "Bagy" {rPois EV+4 Slay+3}
  2703 | D:2      | Found a faded altar of an unknown god.
  2756 | D:2      | Reached XP level 5. HP: 33/33 MP: 6/8
  3151 | D:3      | Reached skill level 5 in Unarmed Combat
  3873 | D:3      | Noticed an ogre
  3880 | D:3      | Killed an ogre
  3881 | D:3      | Reached XP level 6. HP: 38/38 MP: 6/10
  4142 | D:4      | Found a stormy altar of Qazlal.
  4230 | D:4      | Noticed Eustachio
  4269 | D:4      | Killed Eustachio
  4270 | D:4      | Reached skill level 6 in Unarmed Combat
  4270 | D:4      | Reached XP level 7. HP: 39/43 MP: 8/11
  4362 | D:4      | Found Bodadus's Antique Weapon Shoppe.
  4365 | D:4      | Noticed Robin
  4388 | D:4      | Killed Robin
  4623 | D:4      | Found a runed translucent door.
  4624 | D:4      | Noticed Crazy Yiuf
  4827 | D:4      | Found a sparkling altar of Nemelex Xobeh.
  4843 | D:4      | Learned a level 4 spell: Ice Form
  5162 | D:4      | Killed Crazy Yiuf
  5163 | D:4      | Reached skill level 1 in Ice Magic
  5310 | D:5      | Entered Level 5 of the Dungeon
  5310 | D:5      | Noticed a steam dragon
  5337 | D:5      | Reached skill level 7 in Unarmed Combat
  5432 | D:5      | Reached XP level 8. HP: 46/48 MP: 10/13
  5989 | D:5      | Reached skill level 8 in Unarmed Combat
  6054 | D:5      | Found an ornate altar of the Wu Jian Council.
  6056 | D:5      | Found a bloodstained altar of Trog.
  6056 | D:5      | Found a basalt altar of Yredelemnul.
  6562 | D:6      | Found a staircase to the Ecumenical Temple.
  6647 | D:6      | Reached skill level 9 in Unarmed Combat
  6647 | D:6      | Reached XP level 9. HP: 53/53 MP: 11/15
  7113 | D:6      | Found a glowing drain.
  7118 | Sewer    | Entered a sewer
  7335 | D:7      | Reached skill level 10 in Unarmed Combat
  7456 | D:7      | Found a flagged portal.
  7473 | D:7      | Reached skill level 5 in Spellcasting
  7485 | Bailey   | Entered a bailey
  7592 | Bailey   | Noticed an orc knight
  7594 | Bailey   | Noticed an orc knight
  7682 | Bailey   | Killed an orc knight
  7683 | Bailey   | Reached skill level 5 in Dodging
  7788 | Bailey   | Reached XP level 10. HP: 58/58 MP: 17/17
  7814 | Bailey   | Reached skill level 11 in Unarmed Combat
  7814 | Bailey   | Reached skill level 1 in Evocations
  7851 | Bailey   | Killed an orc knight
  8695 | D:8      | Reached skill level 5 in Transmutations
  8842 | D:8      | Found a burning altar of Makhleb.
  8842 | D:8      | Noticed a blizzard demon
  8878 | D:8      | Noticed Maggie
  8885 | D:8      | Killed Maggie
  9026 | D:8      | Killed an unseen horror
  9035 | D:8      | Found a glowing golden altar of the Shining One.
  9836 | D:9      | Noticed a boulder beetle
  9964 | D:9      | Found a staircase to the Orcish Mines.
  9967 | D:9      | Reached XP level 11. HP: 68/68 MP: 17/20
 10335 | D:9      | Identified the +1 ring mail of Teepn {rN++}
 10491 | Temple   | Entered the Ecumenical Temple
 10629 | Temple   | Became a worshipper of Ashenzari the Shackled
 10863 | D:9      | Killed a boulder beetle
 11266 | D:9      | Reached skill level 5 in Fighting
 11339 | D:10     | Entered Level 10 of the Dungeon
 11377 | D:10     | Noticed Nergalle
 11408 | D:10     | Killed Nergalle
 11610 | D:10     | Found a staircase to the Lair.
 11701 | D:10     | Reached XP level 12. HP: 62/79 MP: 17/23
 11704 | D:10     | Reached skill level 10 in Dodging
 11810 | D:10     | Noticed Lodul
 11817 | D:10     | Killed Lodul
 11824 | D:10     | Slain by an ogre

Illustrated notes

Levels and vault maps discovered:
D:1:      kennysheep_arrival_seaside, layout_loops_ring,
          corexii_item_surrounded_by_moat
D:2:      layout_basic, shapermc_ecumenical_altar_starsandcircs,
          minmay_tromino_v2
D:3:      layout_basic
D:4:      layout_loops_ring, nicolae_qazlal_general_emergency,
          mainiacjoe_overflow_surrounded_room, serial_shops,
          nicolae_shop_temple_entry_statues_fountains, uniq_eustachio,
          uniq_robin, uniq_crazy_yiuf_cottage
D:5:      layout_basic, gammafunk_temple_overflow_claw,
          nicolae_overflow_hidden_temple
D:6:      layout_rooms, minmay_temple_entry_mini_moons, portal_sewer_entry_e,
          minmay_misc_feat_enclosed
D:7:      layout_cave_pools, serial_rivers, chequers_serial_rivers_small_a,
          chequers_serial_rivers_small_a, chequers_serial_rivers_micro_a,
          chequers_serial_rivers_room_a, enter_bailey_5
D:8:      layout_layer_cave, mainiacjoe_overflow_brackets,
          makhleb_altar_promises_db, dk_noncrumbling_2, chequers_mini_garden,
          uniq_maggie
D:9:      layout_basic, erik_orc_4, minmay_joined_circles
D:10:     layout_basic, lemuel_coloured_pillars_altar, lair_entry_dummy,
          grunt_ministairs_15, uniq_lodul, uniq_nergalle
Temple:   dshaligram_water_room_temple

Skill      XL: |  1  2  3  4  5  6  7  8  9 10 11 12 |
---------------+-------------------------------------+-----
Unarmed Combat | 4 5 6 7 9 10 11 | 11.4
Transmutations | 3 4 5 6 7 |  7.1
Spellcasting   | 3 4 5 6 7 |  7.6
Dodging        | 3 4 5 7 9 10 | 10.3
Ice Magic      | 1 2 |  2.0
Evocations     | 1 |  1.2
Fighting       | 3 6 |  6.3

Action                   |  1- 3 |  4- 6 |  7- 9 | 10-12 || total
-------------------------+-------+-------+-------+-------++-------
Melee: Unarmed           |    73 |   106 |   229 |   297 ||   705
       Tentacles         |    11 |     6 |     6 |     1 ||    24
       Constrict         |    15 |    19 |    10 |     1 ||    45
       Kick              |    10 |    10 |       |       ||    20
       Punch             |       |       |     3 |       ||     3
 Cast: Beastly Appendage |    14 |    16 |       |       ||    30
       Spider Form       |     2 |     9 |    29 |       ||    40
       Wereblood         |       |       |     1 |    11 ||    12
       Ice Form          |       |       |     9 |    24 ||    33
Evoke: Wand              |       |       |     8 |     2 ||    10
  Use: Scroll            |       |    10 |     3 |     6 ||    19
       Potion            |       |       |       |     2 ||     2
 Stab: Sleeping          |    10 |     4 |     1 |       ||    15
Armor: Skin              |     4 |     3 |    37 |    97 ||   141
Dodge: Dodged            |    36 |    61 |   214 |   291 ||   602

Table legend: (Time is in decaauts)
 A = Elapsed time spent in this place.
 B = Non-inter-level travel time spent in this place.
 C = Inter-level travel time spent in this place.
 D = Time resting spent in this place.
 E = Time spent auto-exploring this place.
 F = Levels seen in this place.
 G = Mean time per level.
                   A        B        C        D        E       F      G
               +--------+--------+--------+--------+--------+-----+--------+
         Total |  11740 |  11300 |    440 |    845 |   7910 |  13 |  903.1 |
       Dungeon |  10808 |  10371 |    437 |    589 |   7756 |  10 | 1080.8 |
        Temple |    183 |    180 |      3 |      0 |     59 |   1 |  183.0 |
         Sewer |     74 |     74 |      0 |      0 |     19 |   1 |   74.0 |
        Bailey |    674 |    674 |      0 |    256 |     76 |   1 |  674.0 |
               +--------+--------+--------+--------+--------+-----+--------+

Top non-repeatable levels by time:
     D:1: 1593 daAuts
     D:4: 1535 daAuts
     D:8: 1478 daAuts
     D:2: 1403 daAuts
     D:3: 1120 daAuts
     D:9: 1026 daAuts
     D:5: 909 daAuts
  Bailey: 674 daAuts
     D:6: 671 daAuts
     D:7: 609 daAuts
    D:10: 460 daAuts
  Temple: 183 daAuts
   Sewer: 74 daAuts
